 Dungeon Crawl Stone Soup version 0.28.0-53-g5a82cb258f (webtiles) character file.

Game seed: 13129680088982425066

4099 Icepheonix32 the Arsonist (level 10, -1/69 HPs)
             Began as a Black Draconian Fire Elementalist on June 6, 2022.
             Was an Initiate of Qazlal.
             Slain by an orc
             ... wielding a +0 club
              (5 damage)
             ... on level 7 of the Dungeon.
             The game lasted 00:20:20 (10167 turns).

Icepheonix32 the Arsonist (DrFE)                   Turns: 10167, Time: 00:20:21

Health: -1/69      AC:  7    Str: 10    XL:     10   Next: 6%
Magic:  3/15       EV: 15    Int: 20    God:    Qazlal [......]
Gold:   188        SH:  0    Dex: 12    Spells: 4/16 levels left

rFire   + + .      SeeInvis .   u - +2 long sword
rCold   x . .      Faith    .   m - orb {mayhem}
rNeg    . . .      Spirit   .   (armour unavailable)
rPois   .          Reflect  .   (helmet restricted)
rElec   +          Harm     .   (no cloak)
rCorr   .          Rampage  .   (no gloves)
Will    .....                   (no boots)
Stlth   ++........              (no amulet)
HPRegen 0.21/turn               o - ring of protection from fire
MPRegen 0.14/turn               r - ring of fire

@: mighty, lethally poisoned (-1 -> -16), short of breath
A: breathe lightning, AC +7, unfitting armour, electricity resistance,
cold-blooded, talons 1
a: Breathe Lightning, Renounce Religion


You were on level 7 of the Dungeon.
You worshipped Qazlal.
Qazlal was noncommittal.
You visited 2 branches of the dungeon, and saw 8 of its levels.
You also visited: Sewer.

You collected 267 gold pieces.
You spent 79 gold pieces at shops.

Inventory:

Hand Weapons
 n - a +2 dagger of pain
 t - a +3 scimitar
 u - a +2 long sword (weapon)
Armour
 m - an orb of mayhem (worn)
Jewellery
 c - a ring of resist corrosion
 e - a +6 ring of dexterity
 o - a ring of protection from fire (left hand)
 r - a ring of fire (right hand)
 s - a +6 ring of strength
Wands
 d - a wand of polymorph (1)
Scrolls
 a - a scroll of fear
 f - a scroll of amnesia
 h - a scroll of vulnerability {unknown}
 i - a scroll of blinking
 q - a scroll of enchant armour
Potions
 b - a potion of might
 g - a potion of attraction
 l - 2 potions of resistance


   Skills:
 + Level 0.1 Fighting
 - Level 0.5 Short Blades
 - Level 9.3 Dodging
 - Level 1.7 Stealth
 + Level 3.6 Spellcasting
 - Level 1.1 Conjurations
 * Level 1.4 Summonings
 - Level 0.3 Necromancy
 + Level 13.0 Fire Magic


You had 4 spell levels left.
You knew the following spells:

 Your Spells              Type           Power      Damage    Failure   Level
a - Foxfire               Conj/Fire      100%       2x1d9     1%          1
b - Scorch                Fire           100%       2d10      1%          2
c - Conjure Flame         Conj/Fire      47%        6-21      2%          3
d - Inner Flame           Hex/Fire       44%        N/A       2%          3
e - Call Canine Familiar  Summ           9%         N/A       22%         3

Your spell library contained the following spells:

 Spells                   Type           Power      Damage    Failure   Level
 Flame Wave               Conj/Fire      47%        2d10      8%          4
 Portal Projectile        Hex/Tloc       6%         N/A       38%         3
 Leda's Liquefaction      Hex/Erth       1%         N/A       80%         4


Dungeon Overview and Level Annotations

Branches:
Dungeon (7/15)             Temple (1/1) D:6           Sewer (visited)

Altars:
Ashenzari
Dithmenos
Fedhas
Gozag
Hepliaklqana
Okawaru
Qazlal
Ru
Sif Muna
Trog
Uskayaw
Vehumet
Xom
Yredelemnul
Zin
The Shining One

Shops:
D:1 *


Innate Abilities, Weirdness & Mutations

You can breathe wild blasts of lightning.
Your glossy black scales are hard. (AC +7)
You cannot fit into any form of body armour.
You are resistant to electric shocks. (rElec)
You are cold-blooded and may be slowed by cold attacks.
You have sharp toenails.


Message History

The orc is almost dead.
The bolt of lightning hits the water moccasin.
The water moccasin is severely wounded.
The bolt of lightning misses the orc.
The bolt of lightning hits the orc priest!
You kill the orc priest!
Qazlal accepts your kill.
You hear an angry hiss.
The orc barely misses you.
Your Fire Magic skill increases to level 13!
Unknown command.
Casting: Scorch (safe; 1% risk of failure)
Confirm with . or Enter, or press ? or * to list all spells.
You feel a surge of power!
Flames lash the water moccasin.
The water moccasin is almost dead.
The water moccasin's fire resistance burns away.
The orc hits you with a +1 flail of venom.
* * * LOW HITPOINT WARNING * * *
Casting: Scorch (safe; 1% risk of failure)
Confirm with . or Enter, or press ? or * to list all spells.
You feel a surge of power!
Flames lash the water moccasin.
The water moccasin is burned terribly!
You kill the water moccasin!
Qazlal accepts your kill. The orc hits you but does no damage.
You are poisoned.
You feel very mighty all of a sudden.
You feel very sick.
The orc hits you with a +1 flail of venom.
* * * LOW HITPOINT WARNING * * *
You are lethally poisoned!
Unknown command.
You slash the orc!
You kill the orc!
Qazlal accepts your kill.
The orc flies into a frenzy!
* * * LOW HITPOINT WARNING * * *
You feel extremely sick. The orc hits you with a +0 club.
You die...

............# ...
#######.###.########.....
....
#.......................# ...
#######.###.#.#.# #.....# ..
#.......#.###....[# .
#####.............# #
#.###.###.....#########
#.###.###.)............
#.....@o...............
#######.###.####.............
#####.......# #.#
#####......... )...........#
#.# #......... ............#
#.# #......... .........##.#
#.# #......... .........##.#
#.# #......... #############
#.########.........
#...............###


You could see a neutral orc (fast, strong, insane).

Vanquished Creatures
  Maggie (D:6)
  A steam dragon (D:6)
  2 water moccasins
  An orc warrior (D:7)
  An ice beast (D:4)
  A sky beast (D:6)
  2 necrophages
  A centaur (D:7)
  An ogre (D:7)
  2 kobold brigands
  Blork the orc (D:6)
  A bullfrog (D:6)
  3 scorpions
  A wyvern zombie (D:7)
  A water moccasin skeleton (D:5)
  4 wights (D:6)
  A howler monkey (D:7)
  A centaur zombie (D:3)
  A centaur skeleton (D:6)
  2 jellies
  A gnoll shaman (D:5)
  6 orc priests
  3 hounds
  5 iguanas
  An orc wizard (D:7)
  A hound zombie (D:5)
  Robin (D:2)
  10 adders
  3 gnolls (D:5)
  A howler monkey skeleton (D:7)
  2 river rats (D:6)
  2 white imps
  2 adder skeletons
  6 worms
  3 dart slugs
  24 orcs
  6 bats
  11 endoplasms
  4 giant cockroaches
  9 hobgoblins
  6 jackals
  3 quokkas
  8 ball pythons
  6 frilled lizards
  15 goblins
  10 kobolds
  7 rats
185 creatures vanquished.

Vanquished Creatures (collateral kills)
  A wyvern skeleton (D:7)
  A gnoll (D:5)
  A white imp (D:6)
  2 orcs (D:6)
  2 goblins (D:2)
  2 jackals (D:2)
9 creatures vanquished.

Vanquished Creatures (others)
  A kobold demonologist (D:7)
  586 foxfires
587 creatures vanquished.

Grand Total: 781 creatures vanquished

Notes
Turn   | Place    | Note
-------+----------+-------------------------------------------
     0 | D:1      | Icepheonix32 the Draconian Fire Elementalist began the
                  | quest for the Orb.
     0 | D:1      | Reached XP level 1. HP: 14/14 MP: 3/3
    52 | D:1      | Found Buonok's Assorted Antiques.
   332 | D:1      | Reached XP level 2. HP: 20/20 MP: 1/5
   781 | D:1      | Reached skill level 4 in Fire Magic
   839 | D:1      | Reached XP level 3. HP: 26/26 MP: 2/6
  2034 | D:2      | Found a faded altar of an unknown god.
  2157 | D:2      | Noticed Robin
  2200 | D:2      | Reached XP level 4. HP: 17/33 MP: 2/7
  2356 | D:2      | Killed Robin
  2442 | D:1      | Learned a level 2 spell: Scorch
  2727 | D:2      | Reached skill level 5 in Fire Magic
  3239 | D:1      | Bought a scroll labelled PYNOSK DARA for 17 gold pieces
  3239 | D:1      | Bought a dark potion for 15 gold pieces
  3239 | D:1      | Bought 2 sedimented inky potions for 30 gold pieces
  3239 | D:1      | Bought a scroll labelled XETIHA LETEOPH for 17 gold pieces
  3388 | D:3      | Found a basalt altar of Yredelemnul.
  3453 | D:3      | Reached XP level 5. HP: 31/38 MP: 0/8
  3817 | D:3      | Found a hazy altar of Hepliaklqana.
  3818 | D:3      | Found a shimmering altar of Xom.
  3819 | D:3      | Noticed a spectral ugly thing
  4166 | D:3      | Reached skill level 6 in Fire Magic
  4326 | D:3      | Found a shimmering blue altar of Sif Muna.
  4327 | D:3      | Found a glowing golden altar of the Shining One.
  4386 | D:3      | Learned a level 3 spell: Conjure Flame
  4671 | D:4      | Reached XP level 6. HP: 41/45 MP: 5/9
  4698 | D:4      | Noticed an ice beast
  4705 | D:4      | Killed an ice beast
  4970 | D:4      | You fall into a shaft and drop 3 floors!
  4975 | D:7      | Reached skill level 7 in Fire Magic
  5062 | D:7      | Noticed a kobold demonologist
  5094 | D:7      | Your scales start taking on a glossy black colour.
  5094 | D:7      | Reached XP level 7. HP: 46/50 MP: 7/10
  5094 | D:7      | Gained mutation: You are resistant to electric shocks.
                  | (rElec) [Black Draconian growth]
  5102 | D:7      | Killed a kobold demonologist
  5103 | D:7      | Reached skill level 8 in Fire Magic
  5137 | D:7      | Reached skill level 11 in Fire Magic
  5137 | D:7      | Reached XP level 8. HP: 10/57 MP: 1/11
  5250 | D:7      | Reached skill level 12 in Fire Magic
  5488 | D:7      | Reached XP level 9. HP: 62/62 MP: 7/12
  5881 | D:6      | Found a glowing drain.
  5949 | Sewer    | Entered a sewer
  6439 | Sewer    | Gained mutation: You have sharp toenails. [potion of
                  | mutation]
  6511 | D:5      | Entered Level 5 of the Dungeon
  7186 | D:4      | Found an opulent altar of Gozag.
  8339 | D:5      | Learned a level 3 spell: Inner Flame
  8610 | D:5      | Learned a level 3 spell: Call Canine Familiar
  8901 | D:6      | Noticed Blork the orc
  8907 | D:6      | Killed Blork the orc
  9353 | D:6      | Found a staircase to the Ecumenical Temple.
  9369 | Temple   | Entered the Ecumenical Temple
  9463 | Temple   | Became a worshipper of Qazlal Stormbringer
  9912 | D:6      | Noticed Maggie
  9928 | D:6      | Killed Maggie
  9929 | D:6      | Reached skill level 1 in Summonings
  9929 | D:6      | Reached XP level 10. HP: 43/69 MP: 1/15
 10154 | D:7      | HP: 1/69 [orc priest/divine providence (12)]
 10164 | D:7      | Reached skill level 13 in Fire Magic
 10167 | D:7      | Slain by an orc

Illustrated notes

Levels and vault maps discovered:
D:1:      lemuel_arrival_lava_pool, layout_basic, serial_shops,
          nicolae_shop_stone
D:2:      layout_loops_ring, hellmonk_ecumenical_altar_run_dry,
          nicolae_figureground_sparkle, uniq_robin
D:3:      minmay_chambers_of_twos, layout_rooms, regret_index_temple_of_mockery,
          nicolae_overflow_crystal_walls, gammafunk_temple_overflow_statue
D:4:      layout_loops_ring, mainiacjoe_overflow_small_starburst
D:5:      layout_gridville
D:6:      layout_basic, minmay_temple_entry_trees, portal_sewer_entry_a,
          roderic_lattice_a, serial_park_tiny_1, amcnicky_mini_corridor_feature,
          uniq_maggie, uniq_blork_the_orc
D:7:      layout_basic, mainiacjoe_overflow_alcove_3
Temple:   compressed_dpeg_circular_temple

Skill      XL: |  1  2  3  4  5  6  7  8  9 10 |
---------------+-------------------------------+-----
Dodging        | 2 3 9 |  9.3
Fire Magic     | 4 5 6 7 11 12 13 | 13.0
Spellcasting   | 3 |  3.6
Summonings     | 1 |  1.4
Fighting       | |  0.1
Short Blades   | |  0.5
Stealth        | |  1.7
Conjurations   | |  1.1
Necromancy     | |  0.3

Action                   |  1- 3 |  4- 6 |  7- 9 | 10-12 || total
-------------------------+-------+-------+-------+-------++-------
Melee: Unarmed           |     5 |       |       |       ||     5
       Club              |     3 |       |       |       ||     3
       Punch             |     1 |     1 |       |       ||     2
       Dagger            |    44 |    73 |    92 |       ||   209
       Tailslap          |     7 |    10 |    16 |       ||    33
       Long sword        |       |       |    16 |     1 ||    17
       Kick              |       |       |    12 |       ||    12
 Cast: Foxfire           |    78 |   107 |   159 |     6 ||   350
       Scorch            |       |    12 |    39 |     5 ||    56
 Abil: Breathe Lightning |       |       |     4 |     1 ||     5
  Use: Scroll            |     1 |     4 |     5 |     1 ||    11
       Potion            |       |     1 |    11 |     4 ||    16
 Stab: Sleeping          |     1 |       |       |       ||     1
Armor: Skin              |    31 |    41 |    18 |     8 ||    98
Dodge: Dodged            |    52 |    79 |   110 |    18 ||   259
